 Dungeon Crawl Stone Soup version 0.18.1-50-g88ac8fd (webtiles) character file.

55932 Kirkhe the Bludgeoner (level 14, -7/249 HPs)
             Began as an Ogre Berserker on Oct 12, 2016.
             Was the Champion of Trog.
             Killed by divine providence
             ... invoked by a smoke demon
             ... summoned by an orc high priest
              (12 damage)
             ... on level 2 of the Orcish Mines.
             The game lasted 00:59:42 (23723 turns).

Kirkhe the Bludgeoner (Ogre Berserker)             Turns: 23723, Time: 00:59:43

Health: -7/249     AC:  8    Str: 34      XL:     14   Next: 79%
Magic:  5/5        EV: 12    Int:  0 (4)  God:    Trog [******]
Gold:   1964       SH:  0    Dex:  9      Spells: 0 memorised, 13 levels left

rFire  + . .     SeeInvis .     h - +6 great mace (antimagic)
rCold  + . .     Gourm    .     n - +2 robe {rF+}
rNeg   . . .     Faith    .     (shield currently unavailable)
rPois  +         Spirit   .     (helmet restricted)
rElec  .         Dismiss  .     t - +2 cloak {rPois}
rCorr  .         Reflect  .     (gloves unavailable)
SustAt +         Harm     .     (boots unavailable)
MR     ++...                    (no amulet)
Stlth  ..........               s - ring of protection from magic
                                g - ring of sustain attributes

@: berserking, lethally poisoned (-7 -> -7), slowed, lost intelligence, heavily
drained, very resistant to hostile enchantments, extremely unstealthy
A: unfitting armour, hooves 1, cold resistance 1, dopey 1, poison resistance,
tough skin 1, MP-powered wands
a: Berserk, Trog's Hand, Brothers in Arms, Burn Spellbooks, Renounce Religion


You were on level 2 of the Orcish Mines.
You worshipped Trog.
Trog was exalted by your worship.
You were hungry.

You visited 3 branches of the dungeon, and saw 20 of its levels.
You also visited: Volcano.

You collected 2282 gold pieces.
You spent 318 gold pieces at shops.

Inventory:

Hand Weapons
 h - a +6 antimagic great mace (weapon)
 C - a +3 demon whip of venom
 I - a +7 great mace of crushing
 K - a +0 giant club of flaming
Missiles
 a - 4 poisoned javelins
 u - 3 large rocks (quivered)
 R - 2 curare-tipped needles
 T - 6 javelins of returning
Armour
 n - a +2 robe of fire resistance (worn)
 t - a +2 cloak of poison resistance (worn)
 v - a troll hide
 w - a +0 robe of magic resistance
Jewellery
 b - an uncursed ring of poison resistance
 g - a ring of sustain attributes (left hand)
 r - the ring "Evib" {Ice Int+7}
   (You found it on level 1 of the Lair of Beasts)

   [ring of ice]

   It enhances your ice magic, and weakens your fire magic.
   It affects your intelligence (+7).
   It makes you vulnerable to fire.
   It protects you from cold.
 s - a ring of protection from magic (right hand)
 M - an uncursed amulet of guardian spirit
 N - an uncursed amulet of magic regeneration
 Q - an uncursed ring of resist corrosion
Wands
 o - a wand of lightning (1/15)
 x - a wand of lightning (6/15)
 y - a wand of enslavement (13/24)
 F - a wand of disintegration (14/24)
 P - a wand of acid (5/15)
Scrolls
 e - 13 scrolls of remove curse
 j - 2 scrolls of identify
 z - 3 scrolls of recharging
 B - 4 scrolls of magic mapping
 D - 4 scrolls of teleportation
 G - a scroll of fear
 V - a scroll of fog
Potions
 f - 4 potions of flight
 i - a potion of curing
 l - 2 potions of agility
 p - a potion of ambrosia
 A - a potion of cancellation
 E - a potion of cure mutation
 J - a potion of invisibility
 L - a potion of heal wounds
 S - a potion of haste
 U - a potion of brilliance
Books
 W - a book of Geomancy

   Spells                             Type                      Level
   a - Sandblast                      Earth                        1
   b - Passwall                       Transmutation/Earth          2
   c - Stone Arrow                    Conjuration/Earth            3
   d - Petrify                        Transmutation/Earth          4
   e - Lee's Rapid Deconstruction     Earth                        5
   Trog disapproves of the use of such an item.
 Y - the Compendium of the Volcanoes and Moulding
   (You found it on level 8 of the Lair of Beasts)

   Spells                             Type                      Level
   a - Flame Tongue                   Conjuration/Fire             1
   b - Passwall                       Transmutation/Earth          2
   c - Ignite Poison                  Fire/Transmutation/Poison    3
   d - Inner Flame                    Hexes/Fire                   3
   e - Sticky Flame                   Conjuration/Fire             4
   f - Bolt of Fire                   Conjuration/Fire             6
   Trog disapproves of the use of such an item.
 Z - a book of Dreams

   Spells                             Type                      Level
   a - Ensorcelled Hibernation        Hexes/Ice                    2
   b - Silence                        Hexes/Air                    5
   c - Darkness                       Hexes                        6
   d - Shadow Creatures               Summoning                    6
   Trog disapproves of the use of such an item.
Comestibles
 c - 9 bread rations
 k - 3 fruits
 m - 11 royal jellies
 H - 7 meat rations
 O - 2 beef jerkies


   Skills:
 + Level 17.2(14.2) Fighting
 + Level 19.7(16.6) Maces & Flails
 + Level 6.3(4.0) Throwing
 + Level 11.1(8.4) Dodging
 - Level 4.1(2.0) Evocations


You had 13 spell levels left.
You didn't know any spells.

Dungeon Overview and Level Annotations

Branches:
Dungeon (10/15)            Temple (0/1) D:7            Lair (8/8) D:8
  Swamp (0/4) Lair:5       Spider (0/4) Lair:4        Slime (0/6) Lair:6
    Orc (2/2) D:10            Elf (0/3) Orc:2

Altars:
Cheibriados
Elyvilon
Kikubaaqudgha
Okawaru
Qazlal
Sif Muna
Vehumet
Xom
Jiyva

Shops:
D:5 }   D:6 [%}   D:7 *   D:8 (   D:10 :   Orc:2 *

Annotations:
Lair:6 1 runed door
Orc:1 Maurice


Innate Abilities, Weirdness & Mutations

You are too large for most types of armour.
You have tough skin (AC +1).
You have large cloven feet.
Your flesh is cold resistant.
You are dopey. (Int -2)
Your system is resistant to poisons.
You expend magic power (3 MP) to strengthen your wands.


Message History

The smoke demon gestures at you. Something smites you!
* * * LOW HITPOINT WARNING * * *
The orc high priest prays to Beogh.
The orc sorcerer mumbles some strange words.
Unknown command.
You are too berserk!
You barely miss the orc sorcerer.
The hellwing disappears in a puff of smoke!
The orc sorcerer hits you with a dagger of venom.
* * * LOW HITPOINT WARNING * * *
Unknown command.
You miss the orc sorcerer.
You kick the orc sorcerer, but do no damage.
You feel sick.
The orange demon disappears in a puff of smoke!
The orc sorcerer barely misses you. The smoke demon gestures at you.
Beogh smites you!
You die...

..# #.# #.# #.#####
..#####.##..## ......33o....##
### .#####o##....## ###.##
#o####...####....# #@#
##...#.#....##
##o###...#.....### . # ##
#o3##.#..##......## ∩.#3##§
##3###.............# #..oo4.
##o§# #.#............
#.o33o##.o## ##.......#.#..#
#.3)3## #.#.........##. ######
#.#............
################..............


You could see an orc high priest, a sun demon, 2 smoke demons, a neqoxec, a
chaos spawn, 3 orc sorcerers, 2 orc warriors and an orc priest.

Vanquished Creatures
  4 hydras
  A catoblepas (Lair:3)
  7 death yaks
  A tengu warrior (D:8)
  An orc high priest (Orc:2)
  Pikel (D:6)
  A deep elf mage (D:8)
  2 oklob plants
  An orc knight (Orc:2)
  An orc sorcerer (Orc:1)
  A cyclops (D:8)
  An ugly thing (D:8)
  5 black mambas
  A gargoyle (D:10)
  29 spiny frogs
  3 rime drakes
  9 komodo dragons
  A spriggan druid (Lair:4)
  3 trolls
  A queen bee (Lair:6)
  3 polar bears
  3 two-headed ogres
  A giant leech (Lair:8)
  26 blink frogs
  Sigmund (D:2)
  42 yaks
  A hog (Volcano)
  2 fire bats (Volcano)
  2 wyverns
  4 hippogriffs
  A hungry ghost (D:7)
  3 vampire mosquitoes
  A warg (Orc:1)
  A mottled dragon (D:8)
  4 insubstantial wisps (Lair:5)
  15 water moccasins
  Duvessa (D:7)
  11 porcupines
  A black bear (Lair:4)
  An ice beast (D:6)
  5 sky beasts
  7 ogres
  14 orc warriors
  A necrophage (D:7)
  A phantom (D:6)
  2 wasps
  16 wolves
  3 centaurs
  8 crocodiles
  A big kobold (D:8)
  24 giant frogs
  2 jellies
  Dowan (D:7)
  2 scorpions
  29 killer bees
  4 electric eels (Lair:8)
  2 vampire bats (Lair:3)
  6 wights (D:8)
  10 howler monkeys
  3 crimson imps
  A giant frog zombie (D:10)
  6 hounds
  A centaur zombie (D:9)
  2 giant frog skeletons
  A wasp zombie (D:10)
  A centaur skeleton (D:8)
  11 orc priests
  6 iguanas
  14 orc wizards
  14 worker ants
  18 sheep
  2 hound zombies
  A hound skeleton (D:10)
  3 gnolls (D:4)
  11 adders
  50 river rats
  3 shadow imps (D:8)
  A white imp (D:9)
  A worker ant simulacrum (D:9)
  2 ufetubi (D:9)
  An adder zombie (D:7)
  3 adder skeletons
  3 worms
  3 dart slugs
  4 giant geckos
  83 orcs
  9 giant cockroaches
  6 goblins
  3 hobgoblins
  5 jackals
  5 quokkas
  10 bats
  A giant gecko skeleton (D:5)
  2 giant newts
  11 kobolds
  A quokka zombie (D:8)
  7 rats
  A bush (Lair:7)
  2 plants
648 creatures vanquished.

Vanquished Creatures (others)
  A slave (D:6)
  An orc wizard (Orc:2)
  19 fungi
  23 plants
44 creatures vanquished.

Grand Total: 692 creatures vanquished

Notes
Turn   | Place    | Note
--------------------------------------------------------------
     0 | D:1      | Kirkhe the Ogre Berserker began the quest for the Orb.
     0 | D:1      | Reached XP level 1. HP: 24/24 MP: 1/1
   325 | D:1      | Reached XP level 2. HP: 24/32 MP: 2/2
   853 | D:2      | Reached XP level 3. HP: 40/40 MP: 3/3
   895 | D:2      | Reached ** piety under Trog
   933 | D:2      | Noticed Sigmund
  1228 | D:2      | Gained mutation: Your flesh is cold resistant. [potion of mutation]
  1228 | D:2      | Gained mutation: You are dopey. (Int -2) [potion of mutation]
  1228 | D:2      | Gained mutation: You expend magic power (3 MP) to strengthen your wands. [potion of mutation]
  1246 | D:2      | Killed Sigmund
  1246 | D:2      | Reached skill level 5 in Fighting
  1246 | D:2      | Reached skill level 5 in Maces & Flails
  1246 | D:2      | Reached XP level 4. HP: 16/52 MP: 4/4
  1246 | D:2      | Reached XP level 5. HP: 19/59 MP: 5/5
  1540 | D:3      | Reached XP level 6. HP: 64/67 MP: 6/6
  1611 | D:3      | Found a faded altar to an unknown god.
  1755 | D:3      | Found an ancient bone altar of Kikubaaqudgha.
  2075 | D:3      | Reached *** piety under Trog
  2325 | D:4      | You fall through a shaft!
  2325 | D:5      | Entered Level 5 of the Dungeon
  2348 | D:4      | Reached skill level 6 in Maces & Flails
  2431 | D:4      | Reached XP level 7. HP: 27/76 MP: 7/7
  2844 | D:4      | Found a radiant altar of Vehumet.
  2862 | D:4      | Reached skill level 5 in Dodging
  3074 | D:4      | Found Genadik's Food Boutique.
  3538 | D:5      | Found Zases's Gadget Shoppe.
  3949 | D:6      | Found Hykkefer's Armour Shop.
  3953 | D:6      | Bought a +2 cloak of poison resistance for 222 gold pieces
  4011 | D:6      | Reached skill level 7 in Maces & Flails
  4011 | D:6      | Reached XP level 8. HP: 32/87 MP: 8/8
  4235 | D:6      | Found Ximp's Gadget Emporium.
  4400 | D:6      | Noticed Pikel
  4410 | D:6      | Killed Pikel
  4410 | D:6      | Reached **** piety under Trog
  4410 | D:6      | Reached skill level 8 in Maces & Flails
  4504 | D:6      | Found Xiegram's Food Shoppe.
  4590 | D:6      | Reached XP level 9. HP: 33/97 MP: 9/9
  5020 | D:7      | Noticed Duvessa
  5028 | D:7      | Noticed Dowan
  5079 | D:6      | Reached skill level 9 in Maces & Flails
  5233 | D:7      | Found a staircase to the Ecumenical Temple.
  5360 | D:7      | Found a deep blue altar of Sif Muna.
  5532 | D:7      | Found an ancient bone altar of Kikubaaqudgha.
  5561 | D:7      | Killed Duvessa
  5565 | D:7      | Killed Dowan
  5771 | D:7      | Found an iron altar of Okawaru.
  5793 | D:7      | Found Foleiruth's General Store.
  5801 | D:7      | Bought a scroll of teleportation for 36 gold pieces
  5801 | D:7      | Bought a scroll of identify for 24 gold pieces
  5801 | D:7      | Bought a potion of curing for 36 gold pieces
  5840 | D:8      | Found Amuisuho's Antique Weapon Shop.
  5961 | D:8      | Noticed a tengu warrior
  5966 | D:8      | Noticed a brown ugly thing
  5967 | D:8      | Noticed a cyclops
  5967 | D:8      | Noticed a deep elf mage
  5973 | D:8      | Noticed a troll
  6039 | D:8      | Killed a tengu warrior
  6039 | D:8      | Reached skill level 10 in Fighting
  6039 | D:8      | Reached skill level 10 in Maces & Flails
  6039 | D:8      | Reached XP level 10. HP: 18/111 MP: 10/10
  6388 | D:8      | Killed a cyclops
  6560 | D:8      | Killed a deep elf mage
  6560 | D:8      | Reached skill level 11 in Maces & Flails
  6560 | D:8      | Reached skill level 1 in Evocations
  7249 | D:8      | Found a staircase to the Lair.
  7296 | D:8      | Found a stormy altar of Qazlal.
  7331 | D:8      | Reached skill level 10 in Dodging
  7444 | D:8      | Found a white marble altar of Elyvilon.
  7455 | D:8      | Gained mutation: You have large cloven feet. [potion of mutation]
  7681 | D:8      | Reached ***** piety under Trog
  7693 | D:8      | Killed a brown ugly thing
  7693 | D:8      | Reached skill level 1 in Throwing
  7703 | D:8      | Gained mutation: Your system is resistant to poisons. [mutagenic meat]
  7899 | D:9      | Reached skill level 12 in Maces & Flails
  7899 | D:9      | Reached XP level 11. HP: 98/120 MP: 11/11
  7962 | D:9      | Received a gift from Trog
  8940 | D:9      | Found a snail-covered altar of Cheibriados.
  9055 | D:10     | Entered Level 10 of the Dungeon
  9400 | D:10     | Reached skill level 13 in Maces & Flails
  9672 | D:10     | Received a gift from Trog
  9715 | D:10     | Found Oppirgha's Book Shoppe.
  9725 | D:10     | Found a staircase to the Orcish Mines.
 10023 | Lair:1   | Entered Level 1 of the Lair of Beasts
 10108 | Lair:1   | Got a vibrating turquoise ring
 10465 | Lair:1   | Identified the ring "Evib" {Ice Int+7} (You found it on level 1 of the Lair of Beasts)
 10693 | Lair:1   | HP: 1/124 [crocodile (15)]
 11186 | Lair:1   | Reached skill level 14 in Maces & Flails
 11622 | Lair:2   | Noticed an eight-headed hydra
 11658 | Lair:2   | Received a gift from Trog
 12053 | Lair:2   | Reached skill level 5 in Throwing
 12053 | Lair:2   | Reached XP level 12. HP: 102/136 MP: 12/12
 12165 | Lair:2   | Reached ****** piety under Trog
 12971 | Lair:3   | Reached skill level 15 in Maces & Flails
 13199 | Lair:3   | Noticed a catoblepas
 13207 | Lair:3   | Killed a catoblepas
 14186 | Lair:4   | Reached skill level 16 in Maces & Flails
 14351 | Lair:4   | Found a hole to the Spider Nest.
 14974 | Lair:5   | Noticed a four-headed hydra
 14983 | Lair:5   | Killed a four-headed hydra
 15015 | Lair:5   | Found a shimmering altar of Xom.
 15044 | Lair:4   | Reached XP level 13. HP: 42/148 MP: 14/14
 15398 | Lair:5   | Found a dark tunnel.
 15402 | Volcano  | Entered a volcano
 15838 | Lair:5   | Received a gift from Trog
 15912 | Lair:5   | Reached skill level 17 in Maces & Flails
 16005 | Lair:5   | Reached skill level 15 in Fighting
 16379 | Lair:5   | Found a staircase to the Swamp.
 17738 | Lair:6   | Reached skill level 18 in Maces & Flails
 18095 | Lair:6   | Found a runed door.
 18096 | Lair:6   | Found a viscous altar of Jiyva.
 18096 | Lair:6   | Noticed an acid blob
 18098 | Lair:6   | Found a staircase to the Slime Pits.
 18667 | Lair:7   | Received a gift from Trog
 19120 | Lair:7   | Reached XP level 14. HP: 128/162 MP: 17/17
 19435 | Lair:8   | Entered Level 8 of the Lair of Beasts
 19911 | Lair:7   | Reached skill level 19 in Maces & Flails
 21301 | Lair:8   | Received a gift from Trog
 21924 | Lair:8   | Identified the Compendium of the Volcanoes and Moulding (You found it on level 8 of the Lair of Beasts)
 22198 | Lair:8   | Received a gift from Trog
 22565 | Orc:1    | Entered Level 1 of the Orcish Mines
 22646 | Orc:2    | Entered Level 2 of the Orcish Mines
 22646 | Orc:2    | Noticed Maurice
 23349 | Orc:2    | Found a radiant altar of Vehumet.
 23406 | Orc:2    | Found a staircase to the Elven Halls.
 23425 | Orc:2    | Received a gift from Trog
 23694 | Orc:2    | Found Foydgh's General Store.
 23704 | Orc:2    | Lost intelligence.
 23721 | Orc:2    | HP: 10/249 [smoke demon/divine providence[an orc sorcerer] (7)]
 23723 | Orc:2    | Killed from afar by a smoke demon

Skill      XL: |  1  2  3  4  5  6  7  8  9 10 11 12 13 14 |
---------------+-------------------------------------------+-----
Dodging        | 3 4 6 7 9 10 11 | 11.1
Fighting       | 5 6 7 8 10 11 13 14 16 17 | 17.2
Maces & Flails | 5 6 7 8 10 12 14 16 18 19 | 19.7
Evocations     | 1 2 4 |  4.1
Throwing       | 2 5 6 |  6.3

Action                   |  1- 3 |  4- 6 |  7- 9 | 10-12 | 13-15 || total
-------------------------+-------+-------+-------+-------+-------++-------
Melee: Mace              |    96 |   139 |   377 |   225 |       ||   837
       Kick              |       |       |       |   210 |   183 ||   393
       Great mace        |       |       |       |   492 |   655 ||  1147
       Giant club        |       |       |       |   202 |       ||   202
Throw: Large rock        |       |       |       |    14 |    18 ||    32
       Javelin           |       |       |       |       |     1 ||     1
Invok: Berserk           |       |     1 |     9 |    13 |     7 ||    30
       Burn Spellbooks   |       |       |       |     1 |     2 ||     3
Evoke: Wand              |       |       |     2 |     7 |     4 ||    13
  Use: Potion            |     6 |       |     3 |     3 |     4 ||    16
       Scroll            |     4 |     5 |     7 |    13 |     9 ||    38
 Stab: Invisible         |     1 |       |       |       |       ||     1
       Sleeping          |       |     1 |       |       |       ||     1
  Eat: Chunk             |     1 |     5 |    20 |    24 |    26 ||    76
       Bread ration      |       |       |     1 |     2 |     1 ||     4
       Meat ration       |       |       |       |     2 |       ||     2
       Pizza             |       |       |       |     1 |       ||     1
       Fruit             |       |       |       |     1 |     1 ||     2
       Beef jerky        |       |       |       |     1 |       ||     1
Armor: Animal skin       |    19 |    19 |    49 |       |       ||    87
       Robe              |       |       |    61 |   234 |   180 ||   475
Dodge: Dodged            |    50 |    81 |   233 |   570 |   386 ||  1320
